PBL
ROSWELL INVADERS @ AMERICUS BRAVES
10/04/2049
 
TOP OF THE 1ST
Amarillo ThunderHeads batting - Pitching for Madison Brewers : RHP Jayden Whittick
Pitching: RHP Jayden Whittick
Batting: RHB Evan Fry 0-0: Swinging Strike
0-1: Called Strike
0-2: Foul Ball, location: 2F
0-2: Strikes out swinging
Batting: RHB Ryan Salas 0-0: Ground out U3 (Groundball, 3, EV 99.4 MPH)
Batting: LHB Danny Moreno 0-0: Called Strike
0-1: Foul Ball, location: 2F
0-2: Foul Ball, location: 2F
0-2: Strikes out swinging
Top of the 1st over - 0 runs, 0 hits, 0 errors, 0 left on base; Amarillo 0 - Madison 0
BOTTOM OF THE 1ST
Madison Brewers batting - Pitching for Amarillo ThunderHeads : RHP Marty Nelson
Pitching: RHP Marty Nelson
Batting: LHB Andy Buschlen 0-0: SINGLE (Groundball, 4D, EV 100.6 MPH)
Batting: RHB Troy Morin 0-0: Ball
1-0: Ball
2-0: Foul Ball, location: 2F
2-1: Swinging Strike
2-2: Foul Ball, location: 2F
2-2: Ball
3-2: Strikes out swinging
Batting: LHB Bill Kovac 0-0: Ball
1-0: Fly out, F8 (Flyball, 89M, EV 72.5 MPH)
Batting: RHB Jelani Griffin 0-0: Swinging Strike
0-1: Called Strike
Andy Buschlen steals 2nd base
0-2: Ball
1-2: Strikes out swinging
Bottom of the 1st over - 0 runs, 1 hit, 0 errors, 1 left on base; Amarillo 0 - Madison 0
TOP OF THE 2ND
Amarillo ThunderHeads batting - Pitching for Madison Brewers : RHP Jayden Whittick
Batting: RHB Robert Topete 0-0: Ball
1-0: Ball
2-0: Foul Ball, location: 2F
2-1: Ground out 4-3 (Groundball, 4, EV 80.0 MPH)
Batting: LHB Alex Rivera 0-0: Called Strike
0-1: Ball
1-1: Swinging Strike
1-2: Ball
2-2: Fly out, F9 (Flyball, 89D, EV 106.2 MPH)
Batting: LHB Carlos Guajardo 0-0: Ball
1-0: Ball
2-0: Ground out 6-3 (Groundball, 56, EV 109.4 MPH)
Top of the 2nd over - 0 runs, 0 hits, 0 errors, 0 left on base; Amarillo 0 - Madison 0
BOTTOM OF THE 2ND
Madison Brewers batting - Pitching for Amarillo ThunderHeads : RHP Marty Nelson
Batting: RHB Ben Follett 0-0: Ball
1-0: Called Strike
1-1: Fly out, F7 (Flyball, 7LD, EV 99.4 MPH)
Batting: LHB Tony Hasbun 0-0: Fly out, F6 (Popup, 56D, EV 61.9 MPH)
Batting: RHB Malcolm McCauley 0-0: Ball
1-0: Foul Ball, location: 2F
1-1: Called Strike
1-2: Strikes out looking
Bottom of the 2nd over - 0 runs, 0 hits, 0 errors, 0 left on base; Amarillo 0 - Madison 0
TOP OF THE 3RD
Amarillo ThunderHeads batting - Pitching for Madison Brewers : RHP Jayden Whittick
Batting: RHB Sam Voss 0-0: Ground out 3-1 (Groundball, 34, EV 103.8 MPH)
Batting: SHB Tyler Romo 0-0: Ball
1-0: Foul Ball, location: 2F
1-1: Ball
2-1: Foul Ball, location: 2F
2-2: Strikes out looking
Batting: RHB Eddie Vanderjagt 0-0: Foul Ball, location: 2F
0-1: Ball
1-1: SINGLE (Groundball, 6MD, EV 96.2 MPH)
Batting: RHB Evan Fry 0-0: Swinging Strike
0-1: Ball
1-1: Called Strike
1-2: Ball
2-2: Foul Ball, location: 2F
2-2: TRIPLE (Groundball, 3L, EV 105.0 MPH)
Eddie Vanderjagt scores
Batting: RHB Ryan Salas 0-0: SINGLE (Groundball, 4MD, EV 104.4 MPH)
Evan Fry scores
Batting: LHB Danny Moreno 0-0: Swinging Strike
0-1: Swinging Strike
0-2: Ball
1-2: Ball
2-2: Foul Ball, location: 2F
2-2: Ball
3-2: Foul Ball, location: 2F
3-2: Fly out, F8 (Line Drive, 8RD, EV 87.5 MPH)
Top of the 3rd over - 2 runs, 3 hits, 0 errors, 1 left on base; Amarillo 2 - Madison 0
BOTTOM OF THE 3RD
Madison Brewers batting - Pitching for Amarillo ThunderHeads : RHP Marty Nelson
Batting: RHB Adam Angeles 0-0: Fly out, F8 (Line Drive, 8LD, EV 96.9 MPH)
Batting: RHB Kelan Rae 0-0: Fly out, F8 (Flyball, 8LM, EV 78.1 MPH)
Batting: LHB Andy Buschlen 0-0: Ball
1-0: Called Strike
1-1: Foul Ball, location: 2F
1-2: Foul Ball, location: 2F
1-2: Ball
2-2: Foul Ball, location: 2F
2-2: Fly out, F8 (Flyball, 8LD, EV 87.5 MPH)
Bottom of the 3rd over - 0 runs, 0 hits, 0 errors, 0 left on base; Amarillo 2 - Madison 0
TOP OF THE 4TH
Amarillo ThunderHeads batting - Pitching for Madison Brewers : RHP Jayden Whittick
Batting: RHB Robert Topete 0-0: Ball
1-0: Foul Ball, location: 2F
1-1: Ground out 4-3 (Groundball, 4, EV 83.1 MPH)
Batting: LHB Alex Rivera 0-0: Ball
1-0: Ball
2-0: Ball
3-0: Called Strike
3-1: Called Strike
3-2: Base on Balls
Batting: LHB Carlos Guajardo 0-0: Ball
1-0: 2-RUN HOME RUN (Flyball, 9D, EV 104.4 MPH), Distance : 403 ft
Batting: RHB Sam Voss 0-0: Ground out 6-3 (Groundball, 6, EV 103.8 MPH)
Batting: SHB Tyler Romo 0-0: Ball
1-0: Called Strike
1-1: Foul Ball, location: 2F
1-2: Foul Ball, location: 2F
1-2: Ball
2-2: Strikes out swinging
Top of the 4th over - 2 runs, 1 hit, 0 errors, 0 left on base; Amarillo 4 - Madison 0
BOTTOM OF THE 4TH
Madison Brewers batting - Pitching for Amarillo ThunderHeads : RHP Marty Nelson
Batting: RHB Troy Morin 0-0: Called Strike
0-1: Ground out U3 (Groundball, 34, EV 86.9 MPH)
Batting: LHB Bill Kovac 0-0: Ball
1-0: Ball
2-0: Fly out, F9 (Flyball, 9, EV 76.9 MPH)
Batting: RHB Jelani Griffin 0-0: Ball
1-0: Called Strike
1-1: Ball
2-1: Foul Ball, location: 2F
2-2: Foul Ball, location: 2F
2-2: Foul Ball, location: 2F
2-2: Foul Ball, location: 2F
2-2: Foul Ball, location: 2F
2-2: Foul Ball, location: 2F
2-2: Foul Ball, location: 2F
2-2: Ball
3-2: Fly out, F9 (Flyball, 9LM, EV 83.8 MPH)
Bottom of the 4th over - 0 runs, 0 hits, 0 errors, 0 left on base; Amarillo 4 - Madison 0
TOP OF THE 5TH
Amarillo ThunderHeads batting - Pitching for Madison Brewers : RHP Jayden Whittick
Batting: RHB Eddie Vanderjagt 0-0: Called Strike
0-1: Called Strike
0-2: Ball
1-2: Ball
2-2: Strikes out looking
Batting: RHB Evan Fry 0-0: Ball
1-0: Called Strike
1-1: Called Strike
1-2: Strikes out swinging
Batting: RHB Ryan Salas 0-0: SINGLE (Line Drive, 8RS, EV 105.0 MPH)
Batting: LHB Danny Moreno 0-0: Ball
1-0: Ball
2-0: Foul Ball, location: 2F
2-1: Foul Ball, location: 2F
2-2: Ground out 4-3 (Groundball, 4, EV 108.1 MPH)
Top of the 5th over - 0 runs, 1 hit, 0 errors, 1 left on base; Amarillo 4 - Madison 0
BOTTOM OF THE 5TH
Madison Brewers batting - Pitching for Amarillo ThunderHeads : RHP Marty Nelson
Batting: RHB Ben Follett 0-0: Called Strike
0-1: Foul Ball, location: 2F
0-2: Strikes out swinging
Batting: LHB Tony Hasbun 0-0: Ball
1-0: Foul Ball, location: 2F
1-1: SINGLE (Line Drive, 8LS, EV 100.0 MPH)
Batting: RHB Malcolm McCauley 0-0: Ball
1-0: Foul Ball, location: 2F
1-1: Foul Ball, location: 2F
1-2: SINGLE (Groundball, 5S, EV 72.5 MPH) (infield hit)
Tony Hasbun to second
Batting: RHB Adam Angeles 0-0: Ball
1-0: Grounds into double play, 6-4-3 (Groundball, 6, EV 83.1 MPH)
Bottom of the 5th over - 0 runs, 2 hits, 0 errors, 1 left on base; Amarillo 4 - Madison 0
TOP OF THE 6TH
Amarillo ThunderHeads batting - Pitching for Madison Brewers : RHP Jayden Whittick
Pitching: RHP Ernie Borden
Batting: RHB Robert Topete 0-0: Called Strike
0-1: Ball
1-1: Called Strike
1-2: Ball
2-2: Foul Ball, location: 2F
2-2: Ball
3-2: Base on Balls
Batting: LHB Alex Rivera 0-0: Swinging Strike
0-1: Ball
1-1: Ball
2-1: Called Strike
2-2: Strikes out swinging
Batting: LHB Carlos Guajardo 0-0: Called Strike
0-1: Swinging Strike
Robert Topete is caught stealing 2nd base 2-6
0-2: Foul Ball, location: 2F
0-2: Foul Ball, location: 2F
0-2: Ball
1-2: Ball
2-2: Strikes out swinging
Top of the 6th over - 0 runs, 0 hits, 0 errors, 0 left on base; Amarillo 4 - Madison 0
BOTTOM OF THE 6TH
Madison Brewers batting - Pitching for Amarillo ThunderHeads : RHP Marty Nelson
Batting: RHB Kelan Rae 0-0: Foul Ball, location: 2F
0-1: Foul Ball, location: 2F
0-2: Foul Ball, location: 2F
0-2: Ball
1-2: Ball
2-2: Foul Ball, location: 2F
2-2: Ball
3-2: Fly out, F3 (Popup, 3SF, EV 76.2 MPH)
Batting: LHB Andy Buschlen 0-0: Called Strike
0-1: Called Strike
0-2: Foul Ball, location: 2F
0-2: Ball
1-2: Fly out, F3 (Popup, 3SF, EV 75.0 MPH)
Batting: RHB Troy Morin 0-0: Foul Ball, location: 2F
0-1: Ball
1-1: Called Strike
1-2: Ball
2-2: SINGLE (Groundball, 6S, EV 77.5 MPH) (infield hit)
Batting: LHB Bill Kovac 0-0: Ball
1-0: Swinging Strike
1-1: Called Strike
Troy Morin steals 2nd base (no throw)
1-2: Ball
2-2: Foul Ball, location: 2F
2-2: Foul Ball, location: 2F
2-2: Ball
3-2: Strikes out swinging
Bottom of the 6th over - 0 runs, 1 hit, 0 errors, 1 left on base; Amarillo 4 - Madison 0
TOP OF THE 7TH
Amarillo ThunderHeads batting - Pitching for Madison Brewers : RHP Ernie Borden
Batting: RHB Sam Voss 0-0: Ball
1-0: Called Strike
1-1: Foul Ball, location: 2F
1-2: Ball
2-2: Strikes out swinging
Batting: SHB Tyler Romo 0-0: Ball
1-0: Ball
2-0: Swinging Strike
2-1: Foul Ball, location: 2F
2-2: Ball
3-2: Foul Ball, location: 2F
3-2: Foul Ball, location: 2F
3-2: Foul Ball, location: 2F
3-2: Fly out, F7 (Flyball, 78M, EV 86.9 MPH)
Pinch Hitting: RHB Eric Juarez 0-0: Foul Ball, location: 2F
0-1: Foul Ball, location: 2F
0-2: Ball
1-2: Strikes out swinging
Top of the 7th over - 0 runs, 0 hits, 0 errors, 0 left on base; Amarillo 4 - Madison 0
BOTTOM OF THE 7TH
Madison Brewers batting - Pitching for Amarillo ThunderHeads : RHP Marty Nelson
Now at 3B: Bill Flannery
Batting: RHB Jelani Griffin 0-0: Ball
1-0: Swinging Strike
1-1: Foul Ball, location: 2F
1-2: Ball
2-2: Fly out, F8 (Flyball, 8RD, EV 90.6 MPH)
Batting: RHB Ben Follett 0-0: Called Strike
0-1: Ball
1-1: Foul Ball, location: 2F
1-2: Ball
2-2: Hit by Pitch
Batting: LHB Tony Hasbun 0-0: Ball
1-0: Called Strike
1-1: Foul Ball, location: 2F
1-2: Ball
2-2: Ball
3-2: Base on Balls
Ben Follett to second
Pitching: RHP Trent Murdock
Pinch Hitting: LHB Jesus Huante 0-0: Ball
1-0: Called Strike
1-1: Grounds into double play, 4-6-3 (Groundball, 34, EV 105.0 MPH)
Bottom of the 7th over - 0 runs, 0 hits, 0 errors, 1 left on base; Amarillo 4 - Madison 0
TOP OF THE 8TH
Amarillo ThunderHeads batting - Pitching for Madison Brewers : RHP Ernie Borden
Now in CF: Sammar Wambugu
Batting: RHB Evan Fry 0-0: Called Strike
0-1: Called Strike
0-2: Foul Ball, location: 2F
0-2: Strikes out looking
Batting: RHB Ryan Salas 0-0: Called Strike
0-1: SINGLE (Line Drive, 4MD, EV 94.4 MPH)
Batting: LHB Danny Moreno 0-0: Called Strike
0-1: Swinging Strike
0-2: Strikes out swinging
Batting: RHB Robert Topete 0-0: Ball
1-0: Ball
2-0: Ball
3-0: Base on Balls
Ryan Salas to second
Pitching: LHP John Miller
Batting: LHB Alex Rivera 0-0: Called Strike
0-1: Foul Ball, location: 2F
0-2: Strikes out swinging
Top of the 8th over - 0 runs, 1 hit, 0 errors, 2 left on base; Amarillo 4 - Madison 0
BOTTOM OF THE 8TH
Madison Brewers batting - Pitching for Amarillo ThunderHeads : RHP Trent Murdock
Batting: RHB Adam Angeles 0-0: Foul Ball, location: 2F
0-1: Foul Ball, location: 2F
0-2: Ball
1-2: Ball
2-2: DOUBLE (Flyball, 89XD, EV 95.6 MPH)
Batting: LHB Danny Roberts 0-0: Ball
1-0: Ball
2-0: Ball
3-0: Base on Balls
Batting: LHB Andy Buschlen 0-0: Called Strike
0-1: Called Strike
0-2: Strikes out looking
Pinch Hitting: RHB Tristan Smeets 0-0: Foul Ball, location: 2F
0-1: Ball
1-1: Foul Ball, location: 2F
1-2: Ball
2-2: Ball
3-2: Foul Ball, location: 2F
3-2: Foul Ball, location: 2F
3-2: Base on Balls
Adam Angeles to third
Danny Roberts to second
Batting: LHB Bill Kovac 0-0: Ball
1-0: Ball
2-0: Foul Ball, location: 2F
2-1: Fly out, F7 (Flyball, 7S, EV 94.4 MPH)
Batting: RHB Jelani Griffin 0-0: Called Strike
0-1: Ball
1-1: Ball
2-1: Foul Ball, location: 2F
2-2: Strikes out swinging
Bottom of the 8th over - 0 runs, 1 hit, 0 errors, 3 left on base; Amarillo 4 - Madison 0
TOP OF THE 9TH
Amarillo ThunderHeads batting - Pitching for Madison Brewers : LHP John Miller
Pitching: RHP Noah Peek
Now at 2B: Austin Doig
Batting: LHB Carlos Guajardo 0-0: Foul Ball, location: 2F
0-1: Swinging Strike
0-2: Ball
1-2: Foul Ball, location: 2F
1-2: Fly out, F8 (Flyball, 8LM, EV 80.0 MPH)
Batting: RHB Sam Voss 0-0: Ground out 6-3 (Groundball, 6, EV 83.1 MPH)
Batting: SHB Tyler Romo 0-0: Foul Ball, location: 2F
0-1: Ball
1-1: Foul Ball, location: 2F
1-2: SOLO HOME RUN (Flyball, 9D, EV 98.1 MPH), Distance : 390 ft
Batting: RHB Bill Flannery 0-0: Called Strike
0-1: DOUBLE (Line Drive, 89D, EV 104.4 MPH)
Batting: RHB Evan Fry 0-0: Ball
1-0: Ball
2-0: Ball
3-0: Called Strike
3-1: Foul Ball, location: 2F
3-2: Foul Ball, location: 2F
3-2: Ground out 6-3 (Groundball, 6, EV 85.6 MPH)
Top of the 9th over - 1 run, 2 hits, 0 errors, 1 left on base; Amarillo 5 - Madison 0
BOTTOM OF THE 9TH
Madison Brewers batting - Pitching for Amarillo ThunderHeads : RHP Trent Murdock
Batting: RHB Ben Follett 0-0: Ball
1-0: Called Strike
1-1: Ball
2-1: Ball
3-1: Ground out 1-3 (Groundball, 25, EV 66.9 MPH)
Batting: LHB Tony Hasbun 0-0: Ball
1-0: Fly out, F8 (Line Drive, 89D, EV 92.5 MPH)
Pitching: RHP Antonio Ayala
Pinch Hitting: RHB Mario Lopez 0-0: Ball
1-0: DOUBLE (Groundball, 5L, EV 105.0 MPH)
Pinch Hitting: LHB Jose Simental 0-0: Called Strike
0-1: Ball
1-1: Ball
2-1: Foul Ball, location: 2F
2-2: Foul Ball, location: 2F
2-2: Foul Ball, location: 2F
2-2: Ball
3-2: Ground out 5-3 (Groundball, 56, EV 105.6 MPH)
Bottom of the 9th over - 0 runs, 1 hit, 0 errors, 1 left on base; Amarillo 5 - Madison 0
Sunday, July 16th , 2023 - OOTP Baseball 24.6 Build 69